Map: Stasis LE

Players

uRnext

  • Race: Zerg Zerg
  • League: Platinum
  • Spawn Location: 11:00

Darksidezoom - Winner!

  • Race: Zerg Zerg
  • League: Platinum
  • Spawn Location: 1:00

VOD

Have the link to the VOD?

Description

Attempt at mcmonroe/beardie 2/1 roach timing

Time

  • Played on: Dec. 1, 2018, 9:52 p.m.
  • Length: 10:23
Show
View Real Time Build Order
Export as new Build Order

uRnext Zerg 

Build Orders: Hatch First 

Get SALT Encoding   

  12  0:01  Drone  
  13  0:13  Overlord  
  13  0:18  Drone  
  14  0:31  Drone x2  
  16  0:37  Drone  
  17  0:54  Hatchery  
  17  0:57  Drone  
  17  1:00  Drone  
  18  1:11  Extractor  
  17  1:16  Drone  
  18  1:20  Spawning Pool  
  18  1:22  Drone  
  18  1:35  Drone  
  19  1:41  Drone  
  20  1:49  Overlord  
  20  1:57  Evolution Chamber  
  20  2:00  Drone  
  20  2:07  Queen  
  20  2:08  Queen  
  24  2:09  Drone  
  24  2:14  Drone  
  26  2:18  Drone  
  26  2:21  Metabolic Boost  
  27  2:25  Zergling x2  
  27  2:29  Drone  
  29  2:33  Drone  
  30  2:41  Zergling x2  
  30  2:43  Zergling x2  
  32  2:50  Drone  
  33  2:53  Zerg Melee Weapons Level 1  
  33  2:56  Zergling x2  
  34  2:59  Overlord  
  34  3:05  Zergling x2  
  35  3:11  Zergling x2  
  36  3:18  Overlord, Zergling x4  
  36  3:19  Drone x2  
  41  3:20  Drone x2  
  41  3:26  Drone  
  43  3:30  Overlord  
  43  3:34  Extractor  
  43  3:37  Drone  
  43  3:43  Zergling x2  
  43  3:45  Baneling Nest  
  43  3:47  Drone  
  44  3:51  Drone  
  44  3:54  Drone x4  
  49  3:59  Drone x2  
  49  4:00  Overlord  
  51  4:04  Drone  
  52  4:11  Drone  
  52  4:15  Zergling x2  
  54  4:25  Drone x3  
  54  4:28  Drone x2  
  54  4:30  Drone x2  
  61  4:31  Drone  
  61  4:35  Zergling x2  
  63  4:39  Extractor  
  63  4:42  Zergling x2  
  63  4:43  Hatchery  
  62  4:46  Zergling x2  
  62  4:48  Baneling x3  
  62  4:49  Baneling  
  62  4:50  Baneling x2  
  62  4:51  Baneling  
  64  4:52  Zergling x2  
  61  5:32  Zergling x2  
  61  5:33  Zergling x12  
  63  5:42  Zergling x2  
  64  5:47  Lair, Roach Warren  
  64  5:48  Zergling x2  
  64  5:49  Zergling x2  
  65  5:53  Zergling x2  
  66  5:58  Drone  
  66  5:59  Drone  
  68  6:04  Drone  
  68  6:07  Drone  
  66  6:31  Zergling x6, Roach x4  
  66  6:32  Zergling x4  
  71  6:41  Drone x2  
  71  6:43  Overlord  
  72  6:50  Zergling x2, Roach  
  72  6:51  Glial Reconstitution  
  72  6:53  Zerg Ground Armor Level 1  
  72  6:58  Drone x2  
  72  7:00  Evolution Chamber  
  72  7:01  Evolution Chamber, Zergling x2  
  72  7:28  Roach x4  
  72  7:29  Overlord x2  
  80  7:30  Overlord x4  
  80  7:46  Queen  
  80  7:47  Hatchery  
  80  7:48  Extractor  
  80  7:49  Zerg Missile Weapons Level 1  
  80  7:50  Roach  
  80  7:51  Zergling x4, Roach x3  
  90  7:55  Zergling x2, Roach  
  93  8:03  Roach x3  
  93  8:04  Roach x2  
  103  8:11  Extractor x2  
  101  8:14  Hydralisk Den  
  100  8:23  Roach x4  
  100  8:24  Roach x3  
  115  8:34  Drone x2  
  115  8:36  Roach x2  
  116  8:48  Hydralisk x3, Roach  
  114  8:53  Muscular Augments  
  102  9:10  Hydralisk x3  
  102  9:11  Roach x4  
  102  9:16  Zergling x6, Roach  
  102  9:17  Roach  
  97  9:27  Hydralisk x3  
  97  9:28  Hydralisk x2, Roach x3  
  97  9:29  Roach  
  103  9:33  Roach  
  103  9:38  Hydralisk  
  89  9:39  Roach  
  89  9:44  Hydralisk  
  90  9:50  Hydralisk x4  
  90  9:51  Roach  
Show
View Real Time Build Order
Export as new Build Order

Darksidezoom Zerg - Winner!

Build Orders: Hatch First 

Get SALT Encoding   

  12  0:02  Drone  
  13  0:13  Overlord  
  13  0:18  Drone  
  14  0:32  Drone x2  
  16  0:53  Hatchery  
  16  0:56  Drone  
  16  0:58  Drone  
  16  1:01  Drone  
  18  1:07  Extractor  
  17  1:19  Spawning Pool  
  17  1:21  Drone  
  17  1:25  Drone  
  18  1:33  Drone  
  19  1:42  Overlord  
  19  2:09  Queen x2  
  19  2:14  Zergling x6  
  26  2:18  Metabolic Boost  
  26  2:22  Drone x2  
  28  2:26  Drone  
  28  2:28  Drone  
  30  2:38  Overlord  
  30  2:40  Drone  
  31  2:56  Drone x2  
  33  3:03  Roach Warren  
  32  3:07  Evolution Chamber  
  32  3:09  Lair  
  32  3:11  Drone x2  
  32  3:12  Drone  
  34  3:15  Drone  
  35  3:36  Extractor, Hatchery  
  35  3:37  Drone x2  
  35  3:38  Extractor  
  35  3:40  Drone  
  35  3:46  Drone x2  
  35  3:47  Drone  
  38  3:50  Drone  
  38  3:55  Zerg Missile Weapons Level 1  
  39  3:57  Drone  
  39  4:00  Drone  
  41  4:07  Glial Reconstitution  
  41  4:12  Drone x2  
  41  4:13  Drone  
  44  4:25  Overlord x3  
  44  4:32  Evolution Chamber  
  44  4:36  Drone  
  44  4:41  Overlord x2  
  44  4:42  Overlord  
  44  4:50  Queen  
  47  4:52  Drone  
  47  4:53  Drone x2  
  47  4:54  Drone  
  47  4:58  Drone x3  
  47  4:59  Drone  
  54  5:00  Drone  
  54  5:01  Drone  
  56  5:09  Roach x3  
  49  5:34  Roach x5  
  57  5:45  Drone x4  
  57  5:46  Drone x2  
  63  6:03  Zerg Missile Weapons Level 2  
  63  6:05  Zerg Ground Armor Level 1  
  63  6:19  Roach x3  
  66  6:25  Hatchery  
  66  6:30  Roach x4  
  72  6:38  Roach x3  
  72  6:51  Roach x3  
  76  7:00  Drone  
  77  7:05  Drone x2  
  79  7:09  Queen  
  79  7:10  Drone  
  81  7:17  Roach x3  
  81  7:18  Roach x3  
  92  7:31  Overlord x2  
  92  7:38  Queen  
  92  7:43  Drone x4  
  98  7:45  Overlord x3  
  98  7:53  Drone x2  
  98  7:54  Drone x3  
  103  7:59  Drone  
  103  8:01  Roach  
  103  8:05  Overlord  
  106  8:16  Roach x6  
  106  8:18  Roach  
  120  8:29  Roach x3  
  126  8:47  Roach x8  
  126  8:48  Roach x2  
  146  8:53  Overlord x3  
  146  9:07  Roach x5  
  142  9:16  Roach x4  
  142  9:17  Roach x3  
  142  9:24  Roach x3  
  134  9:31  Roach x3  
  134  9:36  Roach x2  
  134  9:37  Roach x2  
  140  9:44  Roach x4  
  148  9:55  Roach x5  
  152  10:01  Roach x2  
Tags
 
Add a new tag
Caveats
  • Supply blocks, unpowered buildings, or Contaminate may cause inaccurate times.
  • Supply counts are checked every 10 seconds.